[Event "Titled Tuesday Blitz February 21 Early 2023"]
[White "Delgado Rosas, Fatima Alexandra"]
[Black "Ezat, Mohamed"]
[WhiteFideId "6603963"]
[BlackFideId "10600906"]
[WhiteElo "1500"]
[BlackElo "2402"]
[Result "1-0"]
[Round "10"]
[TimeControl "180+2"]
[Date "2023.02.21"]
[WhiteClock "0:00:19"]
[BlackClock "0:00:06"]

1. d4 Nf6 2. c4 g6 3. Nc3 Bg7 4. Nf3 d5 5. e3 c5 6. cxd5 Nxd5 7. Bc4 Nxc3 8. bxc3 O-O 9. O-O Nc6 10. Ba3 b6 11. Qe2 Qc7 12. Rab1 Bf5 13. Bd3 Bg4 14. h3 Bxf3 15. Qxf3 e5 16. Be4 Rac8 17. Bxc6 Qxc6 18. Qxc6 Rxc6 19. d5 Rc7 20. e4 f5 21. f3 Bh6 22. Bc1 Kg7 23. Bxh6+ Kxh6 24. c4 Rcf7 25. a4 Kg5 26. g3 h5 27. h4+ Kf6 28. Kf2 Ke7 29. Ke2 Kd6 30. Ra1 f4 31. Rg1 fxg3 32. Rxg3 Kc7 33. Ra3 Rg8 34. Rg5 Kd6 35. a5 Rf4 36. axb6 axb6 37. Ra6 Kc7 38. Ra7+ Kb8 39. Re7 Rxh4 40. d6 Rh2+ 41. Ke3 Rh1 42. d7 Rd8 43. Rxg6 Kc7 44. Rxe5 Rd1 45. Rxh5 R8xd7 46. Rhh6 R1d3+ 47. Ke2 Rd2+ 48. Ke3 R2d3+ 49. Kf2 Rb3 50. Rc6+ Kb7 51. e5 Rd2+ 52. Kg3 Re2 53. Rce6 Ree3 54. Re7+ Ka6 55. Rf6 Rbc3 56. Ree6 Rb3 57. Rd6 Ka5 58. e6 Re5 59. Rd7 Kb4 60. e7 Kxc4 61. Rf8 Rbe3 62. Rf4+ Kc3 63. Rb7 Rxe7 64. Rxb6 c4 65. Rc6 Rg7+ 66. Kf2 Kd2 67. Rd4+ Rd3 68. Rdxc4 Rd5 69. Rc2+ Kd3 70. R6c3+ Kd4 71. Rc4+ Ke5 72. Re2+ Kf5 73. Rce4 Rb5 74. Re8 Rf7 75. Rc8 Kg6 76. Rc6+ Rf6 77. Ree6 Rb2+ 78. Kg3 Rxe6 79. Rxe6+ Kf7 80. Ra6 Rb4 81. f4 Rb1 82. Kg4 Rb5 83. Rc6 Rb7 84. f5 Re7 85. Kg5 Rb7 86. Rh6 Kg7 87. Rg6+ Kf7 88. Rh6 Kg7 89. Rh2 Rc7 90. Rb2 Rd7 91. Ra2 Rb7 92. Ra6 Rc7 93. Rh6 Kg8 94. Kg6 Rg7+ 95. Kf6 Rf7+ 96. Ke6 Rf8 97. Rg6+ Kh7 98. Rg1 Re8+ 99. Kf7 Re2 100. Rh1+ Rh2 101. Rxh2# 1-0


[Site "https://www.chess.com"]

[Event "Titled Tuesday Blitz February 21 Early 2023"]
[White "Dauner, Benedikt"]
[Black "Lucassen, Mickey"]
[WhiteFideId "16225899"]
[BlackFideId "12919110"]
[WhiteElo "2400"]
[BlackElo "2023"]
[Result "1-0"]
[Round "10"]
[TimeControl "180+2"]
[Date "2023.02.21"]
[WhiteClock "0:00:31"]
[BlackClock "0:00:10"]

1. e4 c5 2. Nf3 d6 3. d4 cxd4 4. Nxd4 Nf6 5. Nc3 a6 6. Bg5 e6 7. f4 Be7 8. Qf3 Qc7 9. O-O-O Nbd7 10. g4 b5 11. Bxf6 Nxf6 12. g5 Nd7 13. h4 Bb7 14. f5 Nc5 15. g6 hxg6 16. fxe6 Bxh4 17. Bh3 b4 18. Nd5 Bxd5 19. exd5 f5 20. Nc6 Bf6 21. Qg2 O-O 22. Qxg6 Na4 23. Bxf5 Bxb2+ 24. Kb1 Nc3+ 25. Kxb2 Nxd1+ 26. Rxd1 Rxf5 27. Qxf5 Rf8 28. Qxf8+ Kxf8 29. e7+ Ke8 30. Rf1 Qb7 1-0


[Site "https://www.chess.com"]

[Event "Titled Tuesday Blitz February 21 Early 2023"]
[White "Rios Escobar, Adan"]
[Black "Erzhanov, Arman"]
[WhiteFideId "3403645"]
[BlackFideId "4138821"]
[WhiteElo "2234"]
[BlackElo "2228"]
[Result "0-1"]
[Round "10"]
[TimeControl "180+2"]
[Date "2023.02.21"]
[WhiteClock "0:01:57"]
[BlackClock "0:02:35"]

1. d4 d6 2. g3 e5 3. dxe5 dxe5 4. Qxd8+ Kxd8 5. e4 Be6 6. f4 f6 7. Nf3 Nd7 8. Nc3 c6 9. Bd2 Nh6 10. h3 Kc7 11. O-O-O Bd6 12. a4 Rhd8 13. a5 b6 14. f5 Bg8 15. Bxh6 gxh6 16. Rh2 bxa5 17. Na4 Nb6 18. b3 Nxa4 19. bxa4 Ba3+ 20. Kb1 Rxd1# 0-1


[Site "https://www.chess.com"]

[Event "Titled Tuesday Blitz February 21 Early 2023"]
[White "Buchenau, Frank"]
[Black "rikchessmx"]
[WhiteFideId "4604350"]
[WhiteElo "2222"]
[BlackElo "2351"]
[Result "0-1"]
[Round "10"]
[TimeControl "180+2"]
[Date "2023.02.21"]
[WhiteClock "0:00:02"]
[BlackClock "0:01:12"]

1. e4 e5 2. Nf3 Nc6 3. Bc4 Bc5 4. c3 Qf6 5. b4 Bb6 6. b5 Nb8 7. d4 d6 8. Bg5 Qg6 9. dxe5 Qxe4+ 10. Be2 h6 11. Bh4 g5 12. Bg3 dxe5 13. Nbd2 Qf5 14. Nxe5 Ne7 15. Bg4 Qh7 16. Bxc8 Nxc8 17. Qf3 Nd6 18. O-O O-O 19. Rfe1 f6 20. Qd5+ Kh8 21. Nd3 Nf5 22. Re6 c6 23. bxc6 Nxc6 24. Rae1 Rad8 25. Qe4 Nxg3 26. hxg3 Qxe4 27. Nxe4 Rxd3 28. Nxf6 Rd2 29. Ne4 Bxf2+ 30. Nxf2 Rfxf2 31. Rxh6+ Kg7 32. Rh2 Kf6 33. g4 Ne5 34. Rh6+ Kg7 35. Rh2 Nf3+ 36. gxf3 Rxh2 0-1


[Site "https://www.chess.com"]

[Event "Titled Tuesday Blitz February 21 Early 2023"]
[White "Meera, Sai"]
[Black "Chakravarthi Reddy, M"]
[WhiteFideId "5004357"]
[BlackFideId "25009532"]
[WhiteElo "2064"]
[BlackElo "2279"]
[Result "1-0"]
[Round "10"]
[TimeControl "180+2"]
[Date "2023.02.21"]
[WhiteClock "0:00:53"]
[BlackClock "0:00:02"]

1. e4 e6 2. d4 d5 3. Nc3 Be7 4. e5 c5 5. Nf3 Nc6 6. Be3 Qb6 7. dxc5 Bxc5 8. Bxc5 Qxc5 9. Bd3 Nge7 10. O-O Ng6 11. Bxg6 hxg6 12. Ne2 b6 13. Ned4 Ba6 14. Re1 Rc8 15. c3 Qe7 16. Qa4 Qb7 17. b4 b5 18. Qd1 Qe7 19. Nb3 Bb7 20. Nc5 Ba8 21. Nd4 Nxd4 22. cxd4 Qh4 23. h3 Qg5 24. Qd3 Bc6 25. Rac1 O-O 26. Rc3 Be8 27. Rec1 Qf5 28. Qe2 a5 29. bxa5 b4 30. Rf3 Qh5 31. a6 Rb8 32. Qd2 Ba4 33. a7 Ra8 34. Qxb4 Bc6 35. Ra3 Qg5 36. Nd3 Rfc8 37. Rac3 Bd7 38. f4 1-0


[Site "https://www.chess.com"]

[Event "Titled Tuesday Blitz February 21 Early 2023"]
[White "Zhukova, Natalia"]
[Black "Sovetbekova, Nurai"]
[WhiteFideId "14101513"]
[BlackFideId "13801910"]
[WhiteElo "2324"]
[BlackElo "1764"]
[Result "1-0"]
[Round "10"]
[TimeControl "180+2"]
[Date "2023.02.21"]
[WhiteClock "0:00:25"]
[BlackClock "0:00:05"]

1. c4 e5 2. Nc3 Bb4 3. Nd5 Be7 4. Nf3 Nc6 5. d4 e4 6. Nd2 Nf6 7. e3 Nxd5 8. cxd5 Nb4 9. Qb3 a5 10. a4 d6 11. Nxe4 Bf5 12. f3 Bxe4 13. fxe4 O-O 14. Be2 Bh4+ 15. g3 Bg5 16. O-O Qe7 17. Bf3 Rae8 18. Bd2 f5 19. Bxb4 axb4 20. e5 Kh8 21. e6 c6 22. Rac1 cxd5 23. Bxd5 Rc8 24. Kg2 g6 25. Rfe1 Bf6 26. Qxb4 Rxc1 27. Rxc1 Bg5 28. Rc3 Kg7 29. Qxb7 Qxb7 30. Bxb7 Re8 31. a5 Kf6 32. a6 Kxe6 33. a7 Bf6 34. a8=Q Rxa8 35. Bxa8 1-0


[Site "https://www.chess.com"]

[Event "Titled Tuesday Blitz February 21 Early 2023"]
[White "Shuvalov, Evgenij"]
[Black "Guzman Moneo, Alberto"]
[WhiteFideId "4187237"]
[BlackFideId "2209616"]
[WhiteElo "2038"]
[BlackElo "2170"]
[Result "1-0"]
[Round "10"]
[TimeControl "180+2"]
[Date "2023.02.21"]
[WhiteClock "0:00:23"]
[BlackClock "0:00:30"]

1. d4 Nf6 2. c4 c5 3. d5 b5 4. cxb5 a6 5. bxa6 g6 6. Nc3 Bxa6 7. e4 Bxf1 8. Kxf1 d6 9. g3 Bg7 10. Kg2 O-O 11. Nf3 Nbd7 12. a4 Ra6 13. Qc2 Qa8 14. Nb5 Qb7 15. Ra3 Ne8 16. Bg5 Ne5 17. Nd2 Nc7 18. Nxc7 Qxc7 19. b4 Rb8 20. Rb1 Qd7 21. b5 Rab6 22. Bf4 h5 23. Bxe5 Bxe5 24. Nc4 R6b7 25. b6 Bd4 26. a5 e6 27. a6 exd5 28. exd5 h4 29. axb7 h3+ 30. Kg1 Rxb7 31. Qe4 Kg7 32. Ra8 Rxb6 33. Nxb6 Qb7 34. Qe8 Kh6 35. Qd8 g5 36. Qxd6+ Kg7 37. Qd8 Kh6 38. Qc8 Qe7 39. Qxh3+ Kg6 40. Rg8+ Bg7 41. Qh8 Qe2 42. Qxg7+ Kf5 43. Qxf7+ Kg4 44. Qe6+ Kh5 45. Qxe2+ g4 46. Qe5+ Kh6 47. Qh8# 1-0


[Site "https://www.chess.com"]

[Event "Titled Tuesday Blitz February 21 Early 2023"]
[White "Heinemann, Josefine"]
[Black "MunichMouse"]
[WhiteFideId "12900460"]
[WhiteElo "2289"]
[BlackElo "2296"]
[Result "1-0"]
[Round "10"]
[TimeControl "180+2"]
[Date "2023.02.21"]
[WhiteClock "0:00:34"]
[BlackClock "0:00:01"]

1. e4 c5 2. Nf3 d6 3. Bb5+ Bd7 4. Bxd7+ Qxd7 5. c4 e5 6. Nc3 g6 7. O-O Bg7 8. d3 Ne7 9. a3 Nbc6 10. Bd2 O-O 11. Nd5 Nxd5 12. exd5 Ne7 13. Rb1 h6 14. b4 b6 15. Re1 f5 16. h3 g5 17. Nh2 Ng6 18. Qh5 Qf7 19. Nf3 Rfe8 20. Bxg5 e4 21. dxe4 fxe4 22. Nh4 Nxh4 23. Qxf7+ Kxf7 24. Bxh4 Bd4 25. Re2 Rac8 26. Bg3 cxb4 27. Rxb4 Bc5 28. Rb3 Kf6 29. Kh2 Kf5 30. f3 e3 31. Be1 Rc7 32. Bc3 Rce7 33. Bb4 Kf4 34. Bxc5 bxc5 35. h4 h5 36. a4 Rg7 37. a5 Rg6 38. a6 1-0


[Site "https://www.chess.com"]

[Event "Titled Tuesday Blitz February 21 Early 2023"]
[White "Sargissyan, Sargis"]
[Black "Afanasieva, Alexandra"]
[WhiteFideId "13303210"]
[BlackFideId "34126926"]
[WhiteElo "2234"]
[BlackElo "1857"]
[Result "1-0"]
[Round "10"]
[TimeControl "180+2"]
[Date "2023.02.21"]
[WhiteClock "0:02:09"]
[BlackClock "0:01:58"]

1. e4 c5 2. Nc3 e6 3. Nf3 Nc6 4. d4 cxd4 5. Nxd4 Nf6 6. Ndb5 Bc5 7. Bf4 O-O 8. Bc7 Qe7 9. Bd6 Bxd6 10. Qxd6 Qd8 11. O-O-O Ne8 12. Qd2 a6 13. Nd6 Nxd6 14. Qxd6 b5 15. f4 Ra7 16. e5 1-0


[Site "https://www.chess.com"]

[Event "Titled Tuesday Blitz February 21 Early 2023"]
[White "Jenkins, Drake"]
[Black "Babikov, Ivan"]
[WhiteFideId "2022397"]
[BlackFideId "4161106"]
[WhiteElo "2130"]
[BlackElo "2239"]
[Result "1-0"]
[Round "10"]
[TimeControl "180+2"]
[Date "2023.02.21"]
[WhiteClock "0:00:07"]
[BlackClock "0:00:09"]

1. Nf3 d5 2. g3 Nf6 3. Bg2 g6 4. O-O Bg7 5. c4 O-O 6. cxd5 Nxd5 7. d4 b6 8. e4 Nf6 9. Nc3 Bb7 10. Re1 c5 11. d5 Na6 12. Bf4 Nc7 13. d6 exd6 14. Qxd6 Ne6 15. Rad1 Nxf4 16. Qxf4 Qe7 17. Nd5 Nxd5 18. exd5 Qf6 19. Qxf6 Bxf6 20. b3 Rad8 21. Ne5 Rd6 22. Nc6 a6 23. h4 h5 24. Bf3 Kg7 25. Kg2 Ba8 26. Re3 Bb7 27. Rde1 b5 28. Rc1 Bd4 29. Rd3 Bxc6 30. dxc6 Re8 31. Rcd1 a5 32. R1d2 Re7 33. a3 Re8 34. b4 axb4 35. axb4 Red8 36. bxc5 Bxc5 37. c7 Rc8 38. Rxd6 Bxd6 39. Rxd6 Rxc7 40. Rb6 Rc5 41. Rb7 Kg8 42. Bd1 Kg7 43. Bb3 Rf5 44. f4 Kg8 45. Kf3 Kg7 46. Ke4 Kg8 47. Rc7 Kf8 48. Bd5 b4 49. Rb7 Ke8 50. Rb8+ Ke7 51. Rxb4 Kd6 52. Rb6+ Kc5 53. Rc6+ Kb5 54. Rc7 f6 55. Be6 Rc5 56. Rxc5+ Kxc5 57. Bf7 g5 58. hxg5 fxg5 59. Bxh5 Kd6 60. fxg5 Ke7 61. Kf5 Kf8 62. Kf6 Kg8 63. g6 Kf8 64. Bg4 Kg8 65. Be6+ Kh8 66. g7+ Kh7 67. g8=Q+ Kh6 68. Qg6# 1-0


[Site "https://www.chess.com"]

[Event "Titled Tuesday Blitz February 21 Early 2023"]
[White "Jovic, Stanoje"]
[Black "Kohler, Aran"]
[WhiteFideId "905020"]
[BlackFideId "1002856"]
[WhiteElo "2075"]
[BlackElo "2010"]
[Result "1-0"]
[Round "10"]
[TimeControl "180+2"]
[Date "2023.02.21"]
[WhiteClock "0:00:26"]
[BlackClock "0:00:20"]

1. c4 e5 2. g3 Nf6 3. Bg2 d5 4. cxd5 Nxd5 5. Nf3 Nc6 6. O-O Nb6 7. Nc3 Be7 8. d4 exd4 9. Nb5 Bf6 10. Bf4 Nd5 11. Bg5 O-O 12. Bxf6 Nxf6 13. Nbxd4 Nxd4 14. Qxd4 Qxd4 15. Nxd4 c6 16. a4 a5 17. Nb3 Re8 18. e3 Be6 19. Nc5 Rab8 20. Rfd1 Bd5 21. Bxd5 Nxd5 22. e4 Nb4 23. f3 b6 24. Nb3 Rbd8 25. Nd4 g6 26. Rac1 c5 27. Nb5 Nd3 28. Rc2 Ne5 29. Rxd8 Rxd8 30. Kf2 Rd3 31. f4 Ng4+ 32. Ke1 Ne3 33. Rc3 Rxc3 34. Nxc3 Nc4 35. b3 Nd6 36. Nd5 Nc8 37. Kd2 Kf8 38. Kd3 h5 39. Kc4 Ke8 40. Kb5 Nd6+ 41. Kxb6 Nxe4 42. Kxa5 Kd7 43. Kb6 Kd6 44. Nc7 Nd2 45. Nb5+ Kd5 46. a5 Nxb3 47. a6 c4 48. a7 Nc5 49. a8=Q+ 1-0


[Site "https://www.chess.com"]

[Event "Titled Tuesday Blitz February 21 Early 2023"]
[White "Petrova, Irina"]
[Black "The_Sherman_Variation"]
[WhiteFideId "14124122"]
[WhiteElo "2108"]
[BlackElo "2513"]
[Result "1-0"]
[Round "10"]
[TimeControl "180+2"]
[Date "2023.02.21"]
[WhiteClock "0:02:18"]
[BlackClock "0:02:29"]

1. e4 c6 2. d4 d5 3. Nc3 dxe4 4. Nxe4 Nf6 5. Nxf6+ exf6 6. Be3 Bd6 7. Bd3 O-O 8. Ne2 Re8 9. Qd2 Nd7 10. O-O h5 11. Bf4 Qc7 12. Bxd6 Qxd6 13. Rfe1 Nf8 14. Ng3 h4 15. Rxe8 hxg3 16. hxg3 b6 17. Rae1 Bb7 18. Rxa8 Bxa8 19. Re8 Bb7 20. Qf4 Qxf4 21. gxf4 g6 22. f5 g5 23. Re7 1-0


[Site "https://www.chess.com"]

[Event "Titled Tuesday Blitz February 21 Early 2023"]
[White "Todev, Simeon"]
[Black "Petrovic, Aleksa"]
[WhiteFideId "2925133"]
[BlackFideId "967629"]
[WhiteElo "2033"]
[BlackElo "2332"]
[Result "1-0"]
[Round "10"]
[TimeControl "180+2"]
[Date "2023.02.21"]
[WhiteClock "0:00:41"]
[BlackClock "0:00:35"]

1. e4 c6 2. c4 d5 3. exd5 cxd5 4. d4 Nf6 5. Nf3 e6 6. Nc3 Bb4 7. cxd5 Nxd5 8. Bd2 O-O 9. Bd3 Nc6 10. O-O Be7 11. Bb1 g6 12. Bh6 Re8 13. Be4 Nf6 14. Bxc6 bxc6 15. Ne5 Bb7 16. Qf3 Rc8 17. Rfd1 Ba8 18. Qh3 Qa5 19. Re1 Bb4 20. Ne4 Nxe4 21. Rxe4 Qd5 22. Rf4 f5 23. Bg5 Rc7 24. Bf6 Bd2 25. Rh4 g5 26. Rh6 c5 27. Rg6+ 1-0


[Site "https://www.chess.com"]

[Event "Titled Tuesday Blitz February 21 Early 2023"]
[White "Fajdetic, Hrvoje"]
[Black "Sai Han Thiha"]
[WhiteFideId "14501945"]
[BlackFideId "13012290"]
[WhiteElo "2151"]
[BlackElo "2070"]
[Result "0-1"]
[Round "10"]
[TimeControl "180+2"]
[Date "2023.02.21"]
[WhiteClock "0:00:02"]
[BlackClock "0:00:15"]

1. f4 d5 2. Nf3 Nf6 3. e3 Bf5 4. c4 e6 5. Qb3 Na6 6. Na3 Nc5 7. Qd1 c6 8. d4 Nce4 9. c5 Ng4 10. Qb3 b6 11. cxb6 Qxb6 12. Qxb6 axb6 13. Ne5 Bb4+ 14. Ke2 Nxe5 15. fxe5 Bg4+ 16. Kd3 Nf2+ 17. Kc2 Bd1+ 18. Kb1 Nxh1 19. Nc2 Be7 20. Bd2 Nf2 21. Ne1 Ne4 22. Kc1 Bh5 23. Bc3 f6 24. Nd3 c5 25. Nf4 Bf7 26. exf6 gxf6 27. Be1 cxd4 28. exd4 Bd6 29. Bb5+ Ke7 30. Nd3 Rhc8+ 31. Kd1 Bh5+ 32. g4 Bxg4# 0-1


[Site "https://www.chess.com"]

[Event "Titled Tuesday Blitz February 21 Early 2023"]
[White "Womacka, Mathias"]
[Black "Deev, Andrei"]
[WhiteFideId "4611390"]
[BlackFideId "4102690"]
[WhiteElo "2396"]
[BlackElo "2390"]
[Result "0-1"]
[Round "10"]
[TimeControl "180+2"]
[Date "2023.02.21"]
[WhiteClock "0:00:34"]
[BlackClock "0:00:12"]

1. e4 d6 2. d4 Nf6 3. Nc3 c6 4. f4 Qa5 5. Bd3 e5 6. Nf3 Bg4 7. Be3 Nbd7 8. O-O Be7 9. Qe1 O-O 10. Nd5 Qd8 11. Nxe7+ Qxe7 12. Qh4 Bxf3 13. Rxf3 Nd5 14. Qxe7 Nxe7 15. Rd1 exd4 16. Bxd4 Nb6 17. Bf1 Rad8 18. Rb3 Nec8 19. a4 Rd7 20. a5 Na8 21. Bd3 Re8 22. Ra1 a6 23. Ra4 Ree7 24. Bf2 f6 25. g3 Kf7 26. Kg2 h6 27. Kf3 Kf8 28. h4 Ke8 29. h5 Kd8 30. Bf1 Kc7 31. Bh3 Rd8 32. Rd4 Kb8 0-1


[Site "https://www.chess.com"]

[Event "Titled Tuesday Blitz February 21 Early 2023"]
[White "Sanchez, Robert"]
[Black "Kotepalli, Sai Nirupama"]
[WhiteFideId "2034360"]
[BlackFideId "5039444"]
[WhiteElo "1966"]
[BlackElo "1910"]
[Result "1-0"]
[Round "10"]
[TimeControl "180+2"]
[Date "2023.02.21"]
[WhiteClock "0:00:14"]
[BlackClock "0:00:20"]

1. e4 c5 2. Nf3 e6 3. d4 cxd4 4. Nxd4 Nf6 5. Nc3 Nc6 6. Ndb5 Bb4 7. a3 Bxc3+ 8. Nxc3 d5 9. exd5 exd5 10. Bd3 d4 11. Ne2 O-O 12. O-O Qd5 13. h3 a6 14. Bd2 Bf5 15. Bf4 Rad8 16. Ng3 Bg6 17. Re1 Rfe8 18. Qd2 Ne5 19. Bxe5 Rxe5 20. Rxe5 Qxe5 21. Re1 Qd5 22. Bxg6 hxg6 23. Qf4 Rc8 24. Rd1 Rc4 25. c3 dxc3 26. Qb8+ Kh7 27. Rxd5 cxb2 28. Rd8 b1=Q+ 29. Kh2 g5 30. Rh8+ Kg6 31. Qe5 Rh4 32. Rxh4 gxh4 33. Ne2 Nh5 34. Nd4 Qd3 35. Nf3 f6 36. Nxh4+ Kh6 37. Qe8 g5 38. Qh8+ Qh7 39. Qf8+ Ng7 40. Qxf6+ Kh5 41. Nf3 Qg6 42. g4+ Kh6 43. Qf8 Qe4 44. Qh8+ Kg6 45. Qh7+ Kxh7 46. Nxg5+ 1-0


[Site "https://www.chess.com"]

[Event "Titled Tuesday Blitz February 21 Early 2023"]
[White "Orujov, Elshad"]
[Black "Matko, Ognjen"]
[WhiteFideId "13403540"]
[BlackFideId "14509717"]
[WhiteElo "2304"]
[BlackElo "2295"]
[Result "1/2-1/2"]
[Round "10"]
[TimeControl "180+2"]
[Date "2023.02.21"]
[WhiteClock "0:00:06"]
[BlackClock "0:00:08"]

1. e4 e5 2. Nf3 Nc6 3. d4 exd4 4. Nxd4 Bc5 5. Be3 Qf6 6. c3 Nge7 7. Qf3 Qxf3 8. gxf3 Nxd4 9. cxd4 Bb4+ 10. Nc3 d5 11. O-O-O c6 12. a3 Ba5 13. Rg1 g6 14. Bg5 Be6 15. Bd3 Rc8 16. Na4 Ng8 17. Nc5 Rc7 18. Bf4 Re7 19. Bd6 Bb6 20. Bxe7 Nxe7 21. Nxe6 fxe6 22. Bc2 Kf7 23. h4 Rf8 24. h5 Kg7 25. hxg6 hxg6 26. Rg3 Rh8 27. exd5 exd5 28. Re1 Kf6 29. Rg4 Bc7 30. Reg1 Rh6 31. Bd3 Bd6 32. Kc2 Bc7 33. Kc3 Bd6 34. b4 a6 35. Re1 Rh3 36. Re3 Rh2 37. Re2 Rh3 38. f4 Nf5 39. Kd2 Bc7 40. Bxf5 gxf5 41. Rg8 Bxf4+ 42. Kc2 Rxa3 43. Rf8+ Kg6 44. Re6+ Kg5 45. Re7 Bd6 46. Rg7+ Kf4 47. Rf6 Bxb4 48. Rxb7 Be1 49. Rbf7 Ke4 50. Rxf5 Kxd4 51. Rf4+ Kc5 52. R4f6 Bc3 53. Rg6 d4 54. Rc7 Kb4 55. Rcxc6 Ra2+ 56. Kd3 Rd2+ 57. Ke4 a5 58. Rb6+ Kc4 59. f4 Re2+ 60. Kf3 Re3+ 61. Kf2 Kd3 62. f5 Re2+ 63. Kf3 a4 64. f6 Re1 65. Kf2 Re4 66. Kf3 Bd2 67. f7 Rf4+ 68. Kg3 Rxf7 69. Ra6 Bc3 70. Rxa4 Re7 71. Rd6 Re3+ 72. Kg4 Re4+ 73. Kg5 Re1 74. Kf5 Rf1+ 75. Kg4 Kc2 76. Rdxd4 Rg1+ 77. Kf5 Bxd4 78. Rxd4 Rf1+ 79. Rf4 Rd1 80. Re4 Kc1 81. Rf4 Rd2 82. Rc4+ Rc2 83. Rf4 Kb2 84. Ke4 Rc3 85. Rf3 Kb3 86. Rxc3+ Kxc3 1/2-1/2


[Site "https://www.chess.com"]

[Event "Titled Tuesday Blitz February 21 Early 2023"]
[White "Zaichenko, Daria"]
[Black "Mayaud, Raphael"]
[WhiteFideId "4197453"]
[BlackFideId "627151"]
[WhiteElo "2104"]
[BlackElo "2201"]
[Result "0-1"]
[Round "10"]
[TimeControl "180+2"]
[Date "2023.02.21"]
[WhiteClock "0:00:47"]
[BlackClock "0:01:10"]

1. e4 d5 2. exd5 Qxd5 3. Nc3 Qa5 4. Nf3 c6 5. d4 Nf6 6. Be2 Bg4 7. h3 Bh5 8. Ne5 Bxe2 9. Qxe2 Qa6 10. Qf3 e6 11. Bd2 Nbd7 12. O-O-O Nxe5 13. dxe5 Nd5 14. Nxd5 cxd5 15. Kb1 Be7 16. g4 O-O 17. g5 Rac8 18. h4 Qc4 19. c3 b5 20. h5 b4 21. Ka1 a5 22. Qh3 a4 23. g6 a3 24. b3 Qe2 25. gxh7+ Kh8 26. cxb4 Qxe5+ 27. Bc3 Rxc3 28. f4 Rc1# 0-1


[Site "https://www.chess.com"]

[Event "Titled Tuesday Blitz February 21 Early 2023"]
[White "Fernandez Siles, Luis"]
[Black "Kaganskiy, Gleb"]
[WhiteFideId "2209420"]
[BlackFideId "4132025"]
[WhiteElo "2218"]
[BlackElo "2205"]
[Result "1-0"]
[Round "10"]
[TimeControl "180+2"]
[Date "2023.02.21"]
[WhiteClock "0:01:30"]
[BlackClock "0:01:06"]

1. d4 Nf6 2. c4 e6 3. Nc3 d5 4. Nf3 c5 5. e3 a6 6. a3 dxc4 7. Bxc4 b5 8. Ba2 Bb7 9. O-O Nbd7 10. Qe2 Be7 11. Rd1 Qc7 12. d5 exd5 13. Bxd5 Nxd5 14. Nxd5 Bxd5 15. Rxd5 Nf6 16. Rd1 O-O 17. e4 Rfe8 18. Bg5 Nxe4 19. Qxe4 Bxg5 20. Qg4 Bf6 21. Rd7 Qc8 22. Rad1 Ra7 23. h3 Rxd7 24. Rxd7 h5 25. Qf5 Re6 26. Qd5 g6 27. g4 hxg4 28. hxg4 Kg7 29. Qxe6 1-0


[Site "https://www.chess.com"]

[Event "Titled Tuesday Blitz February 21 Early 2023"]
[White "Mendez Machado, Andre"]
[Black "Szyszylo, Rafal"]
[WhiteFideId "6603793"]
[BlackFideId "1109626"]
[WhiteElo "1974"]
[BlackElo "2091"]
[Result "0-1"]
[Round "10"]
[TimeControl "180+2"]
[Date "2023.02.21"]
[WhiteClock "0:00:03"]
[BlackClock "0:01:27"]

1. e4 d6 2. d4 g6 3. Nc3 Nf6 4. Nf3 Bg7 5. h3 O-O 6. Be3 e5 7. dxe5 dxe5 8. Qxd8 Rxd8 9. Nxe5 Nxe4 10. Nxf7 Bxc3+ 11. bxc3 Kxf7 12. Bc4+ Be6 13. Bd3 Nf6 14. O-O Nc6 15. Rab1 b6 16. f4 Nd5 17. Bd2 Bf5 18. Bc4 Na5 19. Be2 Nf6 20. Be1 Bxc2 21. Rb2 Bd3 22. f5 g5 23. h4 h6 24. Rf3 Bxe2 25. Rxe2 Re8 26. Rxe8 Rxe8 27. Bf2 c5 28. hxg5 hxg5 29. Rg3 g4 30. Rd3 Nc4 31. Bh4 Ne5 32. Rd1 Ne4 33. Re1 Nd3 34. Rd1 c4 35. Rb1 Nxc3 36. Rb4 Nxb4 0-1


[Site "https://www.chess.com"]

[Event "Titled Tuesday Blitz February 21 Early 2023"]
[White "Begunov, Konstantin"]
[Black "Simonovic, Miroslav"]
[WhiteFideId "4118510"]
[BlackFideId "919152"]
[WhiteElo "2325"]
[BlackElo "2082"]
[Result "0-1"]
[Round "10"]
[TimeControl "180+2"]
[Date "2023.02.21"]
[WhiteClock "0:00:11"]
[BlackClock "0:00:11"]

1. d4 Nf6 2. c4 c5 3. Nf3 b6 4. dxc5 bxc5 5. g3 Bb7 6. Bg2 g6 7. O-O Bg7 8. Nc3 O-O 9. Qc2 d6 10. Rd1 Nbd7 11. b3 Ne4 12. Bb2 Nxc3 13. Bxc3 Qc7 14. h4 h6 15. Rd2 Rab8 16. Rad1 Bxf3 17. Bxf3 Ne5 18. Bd5 Kh7 19. f4 Nc6 20. Bxg7 Kxg7 21. e3 Rbd8 22. h5 e6 23. Qc3+ Kh7 24. hxg6+ fxg6 25. Bxe6 Qe7 26. Bd5 Nb4 27. Bf3 Rfe8 28. Kf2 Qe6 29. a3 Na6 30. Bc6 Re7 31. Bd5 Qf5 32. Qa5 Nc7 33. Bf3 Ne6 34. e4 Qh3 35. Bg2 Qh5 36. e5 Qf5 37. exd6 Nxf4 38. Qxd8 Nh3# 0-1


[Site "https://www.chess.com"]

[Event "Titled Tuesday Blitz February 21 Early 2023"]
[White "Alice, Mateus Felizardo Viageiro"]
[Black "Quirke, Jeffrey"]
[WhiteFideId "14800047"]
[BlackFideId "2013029"]
[WhiteElo "2202"]
[BlackElo "2007"]
[Result "1-0"]
[Round "10"]
[TimeControl "180+2"]
[Date "2023.02.21"]
[WhiteClock "0:00:38"]
[BlackClock "0:00:02"]

1. e4 g6 2. d4 Bg7 3. Nc3 d5 4. e5 c5 5. f4 cxd4 6. Qxd4 Be6 7. Nf3 Nh6 8. Ng5 Nf5 9. Bb5+ Nc6 10. Qa4 Bd7 11. Nxd5 O-O 12. Nc3 a6 13. Bxc6 Bxc6 14. Qc4 Bxg2 15. Rg1 Bc6 16. Bd2 Rc8 17. Qf1 Nd4 18. O-O-O h6 19. Be3 hxg5 20. Bxd4 gxf4 21. Qxf4 Qa5 22. e6 fxe6 23. Qg4 Be8 24. Bxg7 Kxg7 25. Qxe6 Bf7 26. Qxe7 Rxc3 27. bxc3 Qxc3 28. Qd6 Rc8 29. Qd4+ Qxd4 30. Rxd4 Rc3 31. Kb2 Rh3 32. Rd7 Rxh2 33. Rf1 1-0


[Site "https://www.chess.com"]

[Event "Titled Tuesday Blitz February 21 Early 2023"]
[White "Dias, Joao Batista"]
[Black "Torres Boch, Jose Francisco"]
[WhiteFideId "2108240"]
[BlackFideId "2278383"]
[WhiteElo "1796"]
[BlackElo "2180"]
[Result "0-1"]
[Round "10"]
[TimeControl "180+2"]
[Date "2023.02.21"]
[WhiteClock "0:00:16"]
[BlackClock "0:01:11"]

1. e4 c5 2. Nf3 d6 3. d4 cxd4 4. Nxd4 Nf6 5. Nc3 a6 6. Be3 e5 7. Nb3 Be6 8. Qd2 Be7 9. f3 h5 10. Be2 Nbd7 11. Rd1 Rc8 12. O-O b5 13. Qe1 h4 14. a3 h3 15. g4 Nb6 16. Qf2 Nfd7 17. Rd2 Bh4 18. Bxb6 Bxf2+ 19. Bxf2 O-O 20. Rxd6 Qg5 21. Rfd1 Nf6 22. Nc5 Bxg4 23. fxg4 Nxg4 24. Bxg4 Qxg4+ 25. Kf1 Qg2+ 26. Ke2 Rxc5 27. R1d2 Rxc3 28. bxc3 Qxe4+ 29. Kd1 Qh1+ 30. Ke2 Qxh2 31. Kd3 e4+ 32. Kxe4 Re8+ 33. Kd5 Qg2+ 34. Kc5 h2 35. Bd4 Qxd2 0-1


[Site "https://www.chess.com"]